[ AOE2 MATCH · #507820492 ]
UnrankedFranks vs Persians
Player's team · LOSS
Rival team · WIN
[ REPLAY ANALYSIS · EXTRACTED FROM THE RECORDED GAME ]
Feudal
9:46
Castle
—
Imperial
—
| APM avg | 47.4 |
| APM peak | 77 |
| eAPM avg | 17.6 |
| Villagers / military | 24 / 1 |
Focus
⚔️ 13.6% · 🌾 86.4%
Archer ×1
Feudal
—
Castle
—
Imperial
—
| APM avg | 51.6 |
| APM peak | 94 |
| eAPM avg | 21.1 |
| Villagers / military | 41 / 0 |
Focus
⚔️ 26.7% · 🌾 73.3%
Match map
Initial resources + every placement click. Lines = walls · curves = elevation contours. ◆ gold · ⬟ stone · ● berries · ✦ relic · ◌ wall gap
Your base· Open — unwalled flank
Pahvi0's base· Open — unwalled flank
Smoothed initial terrain · ◌ = detected wall gap · hover for details
Inputs per minute
— hK | triunFo - - Pahvi0
Build order — hK | triunFo
42 actions detected in the replay
| 0:00 | Queue | Villager (Male) |
| 0:01 | Queue | Villager (Male) |
| 0:01 | Queue | Villager (Male) |
| 0:01 | Queue | Villager (Male) |
| 0:05 | Build | House |
| 1:22 | Build | House |
| 1:22 | Build | House |
| 1:27 | Queue | Villager (Male) |
| 1:57 | Queue | Villager (Male) |
| 2:25 | Queue | Villager (Male) |
| 2:40 | Build | Lumber Camp |
| 2:50 | Queue | Villager (Male) |
| 3:07 | Queue | Villager (Male) |
| 3:32 | Queue | Villager (Male) |
| 4:05 | Queue | Villager (Male) |
| 4:05 | Queue | Villager (Male) |
| 4:33 | Queue | Villager (Male) |
| 4:34 | Queue | Villager (Male) |
| 5:27 | Queue | Villager (Male) |
| 5:28 | Queue | Villager (Male) |
| 5:28 | Queue | Villager (Male) |
| 5:46 | Queue | Villager (Male) |
| 6:01 | Build | Mill |
| 6:04 | Queue | Villager (Male) |
| 6:04 | Queue | Villager (Male) |
| 6:05 | Queue | Villager (Male) |
| 7:01 | Research | Loom |
| 7:11 | Research | Loom |
| 7:30 | Research | Feudal Age |
| 7:30 | Research | Feudal Age |
| 8:05 | Build | Barracks |
| 9:20 | Build | House |
| 9:31 | Queue | Villager (Male) |
| 9:32 | Queue | Villager (Male) |
| 9:46 | Age | Feudal Age |
| 9:57 | Queue | Villager (Male) |
| 10:10 | Research | Double-Bit Axe |
| 11:00 | Build | Archery Range |
| 11:41 | Build | Mining Camp |
| 11:57 | Queue | Archer |
| 12:43 | Build | House |
| 14:53 | Build | House |
Build order — Pahvi0
62 actions detected in the replay
| 0:00 | Queue | Villager (Male) |
| 0:00 | Queue | Villager (Male) |
| 0:01 | Build | House |
| 0:02 | Build | House |
| 0:05 | Queue | Villager (Male) |
| 0:12 | Queue | Villager (Male) |
| 0:15 | Queue | Villager (Male) |
| 0:56 | Build | Lumber Camp |
| 1:32 | Queue | Villager (Male) |
| 2:06 | Queue | Villager (Male) |
| 2:37 | Queue | Villager (Male) |
| 2:38 | Queue | Villager (Male) |
| 2:57 | Build | House |
| 3:12 | Queue | Villager (Male) |
| 3:12 | Queue | Villager (Male) |
| 3:35 | Queue | Villager (Male) |
| 3:57 | Queue | Villager (Male) |
| 3:58 | Queue | Villager (Male) |
| 4:15 | Queue | Villager (Male) |
| 4:15 | Queue | Villager (Male) |
| 4:40 | Queue | Villager (Male) |
| 4:41 | Queue | Villager (Male) |
| 5:04 | Research | Loom |
| 5:08 | Queue | Villager (Male) |
| 5:44 | Queue | Villager (Male) |
| 5:46 | Build | House |
| 6:37 | Build | Town Center |
| 6:43 | Build | Palisade Wall |
| 7:19 | Build | Mill |
| 7:24 | Queue | Villager (Male) |
| 7:24 | Queue | Villager (Male) |
| 7:24 | Queue | Villager (Male) |
| 7:55 | Queue | Villager (Male) |
| 7:56 | Queue | Villager (Male) |
| 8:22 | Queue | Villager (Male) |
| 8:50 | Build | House |
| 9:01 | Queue | Villager (Male) |
| 9:26 | Queue | Villager (Male) |
| 9:51 | Build | Mill |
| 9:54 | Queue | Villager (Male) |
| 9:57 | Queue | Villager (Male) |
| 10:10 | Build | Palisade Wall |
| 10:11 | Build | Palisade Wall |
| 10:15 | Build | Palisade Wall |
| 10:16 | Build | Palisade Wall |
| 10:31 | Queue | Villager (Male) |
| 10:40 | Build | Lumber Camp |
| 11:14 | Build | House |
| 11:18 | Queue | Villager (Male) |
| 11:40 | Queue | Villager (Male) |
| 11:44 | Build | House |
| 11:59 | Queue | Villager (Male) |
| 12:00 | Queue | Villager (Male) |
| 12:38 | Queue | Villager (Male) |
| 12:40 | Queue | Villager (Male) |
| 13:17 | Queue | Villager (Male) |
| 14:25 | Queue | Villager (Male) |
| 14:29 | Build | Farm |
| 14:30 | Build | Farm |
| 14:31 | Build | Farm |
| 14:32 | Queue | Villager (Male) |
| 14:52 | Queue | Villager (Male) |
Match timeline
| 6:43 | Pahvi0 · wall_segment Palisade Wall x1 |
| 8:05 | hK | triunFo · first_building Barracks |
| 9:46 | hK | triunFo · age_up feudal |
| 10:10 | Pahvi0 · wall_segment Palisade Wall x2 |
| 10:11 | Pahvi0 · wall_segment Palisade Wall x1 |
| 10:15 | Pahvi0 · wall_segment Palisade Wall x1 |
| 10:16 | Pahvi0 · wall_segment Palisade Wall x5 |
| 11:00 | hK | triunFo · first_building Archery Range |
| 15:05 | hK | triunFo · resign |
[ AI ANALYSIS · 1 CREDIT ]
What really happened in this match?
Wolo.gg analyzes every decision: build order, eco, micro, common mistakes by bracket. Personalized analysis on WhatsApp or Discord in 30 seconds.
Civ guide
Franks
Perfil
Jugador #23740110